AoeStats
← Lukan

Marketplace

504346490Analyzed
1v1 RM · 2mo ago on Sep 5, 2026· 39m 42s· 2 players
Game mode
Random Map
Map size
Tiny (2 player)
Population
200
Speed
Normal
Resources
Standard
Victory
Conquest
Starting age
Dark Age
Ending age
Imperial Age
RankedLock teamsTeams togetherTeam positionsShared explorationLock speedFull tech treeHidden civsTurbo modeCheats
Victory
Defeat
🇵🇪 Franks · Peru
1166
+15
vs
🇦🇷 Magyars · Argentina
1139
-15
totekazee
6:54 Loom
10:06 Feudal Age
10:49 Horse Collar
14:43 Double-Bit Axe
16:03 Man-at-Arms
17:24 Arson
19:06 Gold Mining
20:55 Fletching
21:08 Scale Mail Armor
25:11 Castle Age
25:56 Scale Barding Armor
26:17 Bow Saw
26:26 Chain Mail Armor
25:59 Pikeman
31:26 Husbandry
32:26 Bloodlines
35:33 Bodkin Arrow
37:12 Wheelbarrow
Lukan
6:16 Loom
8:47 Feudal Age
13:37 Town Watch
19:02 Double-Bit Axe
21:47 Castle Age
19:47 Gold Mining
24:19 Wheelbarrow
24:20 Gold Shaft Mining
24:46 Forging
25:27 Scale Barding Armor
26:51 Bow Saw
26:56 Husbandry
27:15 Stone Mining
27:57 Chain Barding Armor
31:54 Hand Cart
31:56 Scale Mail Armor
33:02 Iron Casting
33:03 Squires
35:39 Chain Mail Armor
Connection lost

Rejoining the realm…

Still unreachable

The connection could not be restored.

Session expired

The server has moved on; the page needs a fresh start.